 Dungeon Crawl Stone Soup version 0.30.0-29-ga12c61a403 (webtiles) character file.

Game seed: 11004966801622008918

250284 Irreverend the Eclecticist (level 18, -1/107 HPs)
             Began as a Deep Elf Conjurer on June 4, 2023.
             Was the Champion of Vehumet.
             Killed from afar by an acid blob (34 damage)
             ... with a splash of acid
             ... on level 5 of the Pits of Slime on June 5, 2023.
             The game lasted 03:47:58 (61109 turns).

Irreverend the Eclecticist (Deep Elf Conjurer)     Turns: 61109, Time: 03:47:59

Health: -1/107     AC:  5    Str:  4    XL:     18   Next: 90%
Magic:  44/44      EV: 22    Int: 37    God:    Vehumet [******]
Gold:   1757       SH:  0    Dex: 15    Spells: 7/58 levels left

rFire   . . .        o - staff of conjuration
rCold   x . .        (no shield)
rNeg    . . .        W - +0 robe of Patience {Rampage Regen+ Int+3}
rPois   .            S - +0 helmet of Necvouve {rC- Will++ Int-4 Dex+2}
rElec   .            u - scarf {harm}
rCorr   .            (no gloves)
SInv    .            B - +1 pair of boots
Will    ++++.        b - amulet of Fudiffuf {RegenMP Will+}
Stlth   ++           f - ring of wizardry
HPRegen 1.17/turn    y - +6 ring of intelligence
MPRegen 0.69/turn

%: harm (+30% outgoing, +20% incoming), rampage, wizardry (x1)
@: studying Ice Magic
A: no striking features
}: 2/15 runes: decaying, serpentine
a: Renounce Religion


You were on level 5 of the Pits of Slime.
You worshipped Vehumet.
Vehumet was exalted by your worship.
You visited 7 branches of the dungeon, and saw 36 of its levels.

You collected 3747 gold pieces.
You spent 1990 gold pieces at shops.

Inventory:

Armour
 u - a scarf of harm (worn)
 B - a +1 pair of boots (worn)
 Q - a +2 robe of willpower
 S - the +0 helmet of Necvouve (worn) {rC- Will++ Int-4 Dex+2}
   (You found it on level 3 of the Lair of Beasts)

   Int:       It affects your intelligence (-4).
   Dex:       It affects your dexterity (+2).
   rC:        It makes you vulnerable to cold.
   Will:      It greatly increases your willpower.
 T - a scarf of repulsion
 W - the +0 robe of Patience (worn) {Rampage Regen+ Int+3}
   (You found it on level 14 of the Dungeon)

   Int:       It affects your intelligence (+3).
   Regen:     It increases your rate of health regeneration.
   Rampage:   It bestows one free step when moving towards enemies.
Magical Staves
 o - a staff of conjuration (weapon)
Jewellery
 b - the amulet of Fudiffuf (around neck) {RegenMP Will+}
   (You found it on level 1 of the Swamp)

   [amulet of magic regeneration]

   It increases your rate of magic regeneration.
   Will:      It increases your willpower.
 f - a ring of wizardry (left hand)
 j - a ring of protection from fire
 x - a ring of see invisible
 y - a +6 ring of intelligence (right hand)
 M - a ring of fire
 R - a ring of resist corrosion
 Y - a +4 ring of protection
 Z - a +5 ring of evasion
Wands
 z - a wand of roots (25)
 C - a wand of flame (85)
 I - a wand of paralysis (39)
 O - a wand of mindburst (9)
 P - a wand of acid (35)
 V - a wand of polymorph (11)
Scrolls
 a - 3 scrolls of fear
 g - 14 scrolls of teleportation
 i - 6 scrolls of torment
 l - 2 scrolls of amnesia
 n - 2 scrolls of vulnerability
 s - 5 scrolls of poison
 t - 7 scrolls of magic mapping
 A - 4 scrolls of immolation
 E - a scroll of silence
 J - 4 scrolls of blinking
 L - 4 scrolls of enchant armour
 N - 7 scrolls of fog
 U - 3 scrolls of noise
Potions
 c - 19 potions of curing
 d - 4 potions of lignification
 e - 5 potions of cancellation
 k - 5 potions of might
 m - 4 potions of mutation
 p - 2 potions of heal wounds
 q - 4 potions of invisibility
 r - 6 potions of flight
 v - 3 potions of ambrosia
 w - 3 potions of brilliance
 D - 4 potions of attraction
 G - 3 potions of haste
 H - 3 potions of berserk rage
 K - 2 potions of degeneration {unknown}
Miscellaneous
 F - a phantom mirror
 X - a lightning rod (4/4)


   Skills:
 + Level 9.9 Fighting
 - Level 12.0 Staves
 - Level 17.8 Dodging
 - Level 2.4 Stealth
 + Level 20.6 Spellcasting
 - Level 13.3 Conjurations
 - Level 7.7 Hexes
 - Level 15.7 Fire Magic
 - Level 3.6 Air Magic
 * Level 9.4 Earth Magic
 - Level 9.3 Evocations


You had 7 spell levels left.
You knew the following spells:

 Your Spells              Type           Power      Damage    Failure   Level
a - Magic Dart            Conj           100%       1d8       0%          1
b - Passage of Golubria   Tloc           38%        N/A       3%          4
c - Fulminant Prism       Conj/Hex       54%        3d22      1%          4
d - Iskenderun's Mystic   Conj/Tloc      92%        2d18      1%          4
e - Tukima's Dance        Hex            76%        N/A       1%          3
f - Irradiate             Conj/Tmut      46%        3d27      1%          5
g - Fireball              Conj/Fire      60%        3d23      1%          5
h - Starburst             Conj/Fire      60%        6d16      1%          6
i - Ignition              Fire           50%        3d14      1%          8
j - Iskenderun's Battles  Conj           100%       2d15      1%          5
k - Iron Shot             Conj/Erth      55%        9d10      1%          6

Your spell library contained the following spells:

 Spells                   Type           Power      Damage    Failure   Level
 Lehudib's Crystal Spear  Conj/Erth      55%        10d13     5%          8
 Maxwell's Capacitive Co  Air            30%        ∞         65%         8
 Polar Vortex             Ice            19%        N/A       100%        9
 Foxfire                  Conj/Fire      100%       2x1d9     0%          1
 Scorch                   Fire           100%       2d9       0%          2
 Searing Ray              Conj           100%       2d8       0%          2
 Flame Wave               Conj/Fire      100%       2d21      0%          4
 Sticky Flame             Conj/Fire      100%       2d11      0%          4
 Apportation              Tloc           76%        N/A       1%          1
 Kiss of Death            Conj/Necr      100%       2d13      1%          1
 Necrotise                Necr           100%       1d9       1%          1
 Summon Small Mammal      Summ           100%       N/A       1%          1
 Cigotuvi's Dreadful Rot  Necr/Pois/Air  94%        N/A       1%          2
 Sublimation of Blood     Necr           38%        N/A       1%          2
 Call Canine Familiar     Summ           38%        N/A       1%          3
 Confusing Touch          Hex            76%        N/A       1%          3
 Dazzling Flash           Conj/Hex       100%       N/A       1%          3
 Frozen Ramparts          Ice            76%        1d12      1%          3
 Ignite Poison            Fire/Tmut/Pois 67%        N/A       1%          3
 Summon Guardian Golem    Hex/Summ       61%        N/A       1%          3
 Vampiric Draining        Necr           38%        2d8       1%          3
 Petrify                  Tmut/Erth      64%        N/A       1%          4
 Freezing Cloud           Conj/Ice/Air   44%        6-21      1%          5
 Silence                  Hex/Air        34%        N/A       1%          5
 Yara's Violent Unravell  Hex/Tmut       30%        3d13      1%          5
 Plasma Beam              Fire/Air       41%        2x1d60    1%          6
 Dispel Undead            Necr           38%        3d16      3%          4
 Ice Form                 Ice/Tmut       38%        N/A       3%          4
 Summon Ice Beast         Ice/Summ       38%        N/A       3%          4
 Agony                    Necr           38%        N/A       9%          5
 Summon Cactus Giant      Summ           19%        N/A       41%         6
 Fire Storm               Conj/Fire      60%        8d15      21%         9
 Shatter                  Erth           41%        3d32*     75%         9
 Chain Lightning          Conj/Air       50%        3d66      86%         9


Dungeon Overview and Level Annotations

Branches:
Dungeon (15/15)            Temple (1/1) D:4            Lair (5/5) D:10
  Swamp (4/4) Lair:3        Snake (4/4) Lair:2        Slime (5/5) Lair:5
    Orc (2/2) D:12            Elf (0/3) Orc:2        Vaults (0/5) D:14
 Depths (0/4) D:15

Altars:
Ashenzari
Cheibriados
Dithmenos
Elyvilon
Fedhas
Gozag
Hepliaklqana
Kikubaaqudgha
Makhleb
Nemelex Xobeh
Okawaru
Qazlal
Ru
Sif Muna
Trog
Uskayaw
Vehumet
Wu Jian
Xom
Yredelemnul
Zin
The Shining One

Shops:
D:4 *   D:12 *   Orc:2 (((*

Annotations:
D:11 3 runed translucent doors, knightboat's ghost, journeyman TrWr
Lair:3 1 runed translucent door, superbruh's ghost, journeyman GnWn
Snake:3 3 runed translucent doors, JanusIIV's ghost, journeyman DEHu


Message History

The rockslime is lightly wounded.
The fireball engulfs the azure jelly!!
The azure jelly is burned terribly!
You kill the azure jelly!
That felt strangely unrewarding.
The fireball engulfs the rockslime but does no damage.
The rockslime is lightly wounded.
The fireball engulfs the rockslime.
The rockslime resists.
The rockslime is lightly wounded.
The fireball engulfs the rockslime.
The rockslime resists.
The rockslime is moderately wounded.
The fireball engulfs the rockslime.
The rockslime resists.
The rockslime is moderately wounded.
The fireball engulfs the rockslime.
The rockslime resists.
The rockslime is moderately wounded.
One of the Royal Jelly's fragments survives.
A slime creature comes into view. x2
You climb upwards.
There is a stone staircase leading down here.
You start resting.
HP restored.
You start resting.
Magic restored.
You climb downwards.
The rockslime hits you!!
You stumble backwards!
The rockslime hits you!!!
* * * LOW HITPOINT WARNING * * *
You stumble backwards!
Acid dripping from the walls corrodes you.
The slime creature completely misses you.
The rockslime completely misses you. x2
The slime creature quivers. x2
Blink to where?
Press: ? - help, Dir - move target
Okay, then.
Blink to where?
Press: ? - help, Dir - move target A slime creature comes into view.
As you read the scroll of blinking, it crumbles to dust.
The acid blob spits acid at you. The splash of acid hits you!!
You die...

...............
...............
.............J........
......................
..............J.J.....
...........J..........
......................
.......@..............
............J.........
....#.......JJ.......#
### #.##.....JJ.....##
## #......#....##
##..###.....# ####
#..### ###


You could see an acid blob, 3 slime creatures and 4 rockslimes.

Vanquished Creatures
  the Royal Jelly (Slime:5)
  2 tentacled monstrosities
  11 acid blobs
  Gastronok (Orc:1)
  Agnes (Snake:2)
  A thorn hunter (Swamp:4)
  2 fenstrider witches (Swamp:4)
  5 rockslimes
  Donald (Swamp:1)
  10 azure jellies
  5 nagarajas (Snake:4)
  Louise (D:14)
  An orc warlord (Orc:2)
  12 quicksilver oozes
  2 very ugly things (Swamp:4)
  6 eleionomae
  3 bunyips
  The ghost of bakla the Unseen, a journeyman SpDe of Wu Jian (Swamp:2)
  An ettin (D:15)
  7 great orbs of eyes
  2 green deaths (Swamp:4)
  A fire dragon (D:14)
  17 hydras
  Harold (Lair:1)
  An ice dragon (D:12)
  3 ghost crabs
  3 salamander tyrants (Snake:4)
  2 catoblepae
  A boulder beetle (Lair:5)
  6 anacondas
  2 centaur warriors
  7 alligators
  12 death yaks
  2 two-headed ogres
  A tengu warrior (D:15)
  18 naga warriors
  4 orc high priests (Orc:2)
  A thrashing horror (Swamp:4)
  4 shock serpents
  24 naga sharpshooters
  A hell knight (D:15)
  Nergalle (D:12)
  Sonja (D:12)
  2 salamander mystics (Snake:4)
  A fire crab (Lair:5)
  2 goliath frogs (Swamp:1)
  2 skysharks (Lair:1)
  A spectral anaconda (Snake:1)
  Amaemon (D:8)
  2 glowing orange brains
  A death drake (Swamp:4)
  A deep troll (D:15)
  4 naga ritualists
  3 bog bodies (Swamp:4)
  4 spriggan druids
  2 anaconda skeletons (Snake:1)
  6 swamp dragons
  A necromancer (D:15)
  A deep elf pyromancer (D:14)
  2 orc knights
  7 cyclopes
  9 mana vipers
  4 shining eyes
  23 ugly things
  5 will-o-the-wisps
  16 salamanders
  An orc sorcerer (Orc:2)
  A large abomination (Swamp:4)
  5 elephants (Lair:4)
  3 manticores
  13 guardian serpents
  21 black mambas
  16 naga magi
  An eye of devastation (Slime:1)
  3 orange demons
  19 cane toads
  2 freezing wraiths (D:14)
  2 spectral sea snakes (Snake:1)
  Maggie (D:7)
  3 gargoyles
  6 komodo dragons
  5 spectral nagas (Snake:1)
  An efreet (D:15)
  3 rime drakes
  A tengu conjurer (D:15)
  A queen bee (shapeshifter) (D:12)
  2 bloated husks
  6 polar bears
  12 tyrant leeches
  3 trolls
  A hornet (shapeshifter) (D:11)
  Prince Ribbit (D:5)
  12 blink frogs
  11 hornets
  5 dream sheep (Lair:4)
  76 slime creatures
  A dancing weapon (Snake:4)
  12 spriggans
  4 shadows
  A centaur simulacrum (D:15)
  A vampire (D:12)
  45 yaks
  3 wraiths
  8 wyverns
  12 golden eyes
  8 basilisks
  2 steam dragons
  12 vampire mosquitoes
  2 sea snake simulacra (Snake:1)
  4 wargs
  44 nagas
  14 swamp worms
  Edmund (D:5)
  15 water moccasins
  3 acid dragons
  3 floating eyes
  31 orc warriors
  A swamp drake (Swamp:1)
  Duvessa (D:4)
  3 black bears
  2 sky beasts
  8 ogres
  22 wolves
  7 centaurs
  Blork the orc (D:5)
  17 bullfrogs
  2 gnoll sergeants
  5 naga simulacra (Snake:1)
  A scorpion (D:5)
  A hornet simulacrum (D:15)
  Dowan (D:4)
  A killer bee (D:9)
  7 electric eels
  9 howler monkeys
  5 hounds
  25 orc priests
  11 jellies
  2 sleepcaps
  4 iguanas
  29 orc wizards
  A naga skeleton (Snake:1)
  Robin (D:2)
  9 gnolls
  6 adders
  2 shadow imps
  2 ufetubi
  A dart slug (D:1)
  94 orcs
  11 ball pythons
  11 endoplasms
  5 giant cockroaches
  9 hobgoblins
  12 jackals
  7 quokkas
  6 bats
  21 goblins
  7 kobolds
  2 rats
1124 creatures vanquished.

Vanquished Creatures (collateral kills)
  A centaur warrior (D:13)
  A two-headed ogre (D:10)
  3 centaurs
  An orc priest (Orc:2)
6 creatures vanquished.

Vanquished Creatures (others)
  5 dancing weapons
  A swamp worm (Swamp:3)
  6 foxfires
  314 fulminant prisms
326 creatures vanquished.

Grand Total: 1456 creatures vanquished

Notes
Turn   | Place    | Note
-------+----------+-------------------------------------------
     0 | D:1      | Irreverend the Deep Elf Conjurer began the quest for the
                  | Orb.
     0 | D:1      | Reached XP level 1. HP: 10/10 MP: 6/6
    34 | D:1      | Found a faded altar of an unknown god.
   371 | D:1      | Reached XP level 2. HP: 15/15 MP: 0/8
   444 | D:1      | Learned a level 2 spell: Searing Ray
   866 | D:1      | Reached XP level 3. HP: 19/19 MP: 3/10
  1505 | D:2      | Found an ornate altar of the Wu Jian Council.
  1673 | D:2      | Noticed Robin
  1725 | D:2      | Reached skill level 4 in Spellcasting
  1741 | D:2      | Killed Robin
  1742 | D:2      | Reached skill level 5 in Conjurations
  1742 | D:2      | Reached XP level 4. HP: 24/24 MP: 0/12
  2574 | D:2      | Learned a level 4 spell: Fulminant Prism
  2579 | D:2      | Learned a level 4 spell: Iskenderun's Mystic Blast
  3137 | D:3      | Found an ancient bone altar of Kikubaaqudgha.
  3155 | D:3      | Reached skill level 1 in Hexes
  3155 | D:3      | Reached XP level 5. HP: 28/28 MP: 0/13
  3512 | D:4      | Found a staircase to the Ecumenical Temple.
  3519 | Temple   | Entered the Ecumenical Temple
  3554 | Temple   | Became a worshipper of Vehumet
  3619 | D:4      | Reached skill level 5 in Spellcasting
  3937 | D:4      | Noticed Dowan
  3956 | D:4      | Noticed Duvessa
  3959 | D:4      | Killed Duvessa
  3960 | D:4      | Reached XP level 6. HP: 22/32 MP: 11/16
  3994 | D:4      | Killed Dowan
  4116 | D:4      | Learned a level 3 spell: Tukima's Dance
  4283 | D:4      | Found Cizibbod's Assorted Antiques.
  4373 | D:5      | Entered Level 5 of the Dungeon
  4396 | D:5      | Found a hide-covered altar of Uskayaw.
  4407 | D:5      | Reached skill level 5 in Dodging
  4445 | D:5      | Found a sparkling altar of Nemelex Xobeh.
  4445 | D:5      | Noticed Edmund
  4455 | D:5      | Killed Edmund
  4456 | D:5      | Reached XP level 7. HP: 27/36 MP: 5/17
  4502 | D:5      | Reached * piety under Vehumet
  4502 | D:5      | Offered knowledge of Sandblast by Vehumet.
  4503 | D:5      | Reached skill level 6 in Spellcasting
  4622 | D:5      | Found a hazy altar of Hepliaklqana.
  4691 | D:5      | Noticed Blork the orc
  4692 | D:5      | Noticed Prince Ribbit
  4695 | D:5      | Killed Blork the orc
  4698 | D:5      | Killed Prince Ribbit
  4700 | D:5      | Noticed a troll
  4703 | D:5      | Reached skill level 5 in Hexes
  4703 | D:5      | Reached XP level 8. HP: 41/41 MP: 8/20
  4714 | D:5      | Killed a troll
  4715 | D:5      | Reached skill level 7 in Spellcasting
  4992 | D:5      | Found an opulent altar of Gozag.
  5394 | D:6      | Reached skill level 8 in Spellcasting
  5648 | D:6      | Reached XP level 9. HP: 25/45 MP: 17/23
  5650 | D:6      | Reached ** piety under Vehumet
  5650 | D:6      | Offered knowledge of Static Discharge by Vehumet.
  6016 | D:6      | Found an ornate altar of the Wu Jian Council.
  6021 | D:6      | Reached skill level 9 in Spellcasting
  6326 | D:6      | Learned a level 5 spell: Irradiate
  6692 | D:7      | Noticed Maggie
  6705 | D:7      | Killed Maggie
  6706 | D:7      | Reached skill level 5 in Staves
  7116 | D:8      | Offered knowledge of Hailstorm by Vehumet.
  7325 | D:8      | Reached XP level 10. HP: 50/50 MP: 20/25
  7437 | D:8      | Found a snail-covered altar of Cheibriados.
  7438 | D:8      | Noticed an orange demon
  7439 | D:8      | Noticed Amaemon
  7448 | D:8      | Killed Amaemon
  7448 | D:8      | Killed an orange demon
  7448 | D:8      | Reached *** piety under Vehumet
  7806 | D:8      | Found a shimmering blue altar of Sif Muna.
  8260 | D:9      | Offered knowledge of Flame Wave by Vehumet.
  8632 | D:9      | Noticed a two-headed ogre
  8634 | D:9      | Reached skill level 10 in Staves
  8638 | D:9      | Killed a two-headed ogre
  8668 | D:9      | Reached **** piety under Vehumet
  8853 | D:9      | Reached XP level 11. HP: 54/54 MP: 24/26
  9170 | D:10     | Entered Level 10 of the Dungeon
  9466 | D:10     | Noticed a two-headed ogre
  9479 | D:10     | Killed a two-headed ogre
 10030 | D:10     | Reached skill level 1 in Evocations
 10221 | D:10     | Reached skill level 1 in Fighting
 10287 | D:10     | Found a staircase to the Lair.
 10388 | Lair:1   | Entered Level 1 of the Lair of Beasts
 10578 | Lair:1   | Noticed a skyshark
 10586 | Lair:1   | Killed a skyshark
 10586 | Lair:1   | Offered knowledge of Ignite Poison by Vehumet.
 10755 | Lair:1   | Noticed a skyshark
 10761 | Lair:1   | Noticed Harold
 10762 | Lair:1   | Killed a skyshark
 10763 | Lair:1   | Reached skill level 10 in Spellcasting
 10777 | Lair:1   | Killed Harold
 11764 | Lair:2   | Noticed a four-headed hydra
 11770 | Lair:2   | Killed a four-headed hydra
 11771 | Lair:2   | Reached XP level 12. HP: 64/64 MP: 24/28
 11814 | Lair:2   | Noticed a death yak
 11817 | Lair:2   | Noticed a death yak
 11818 | Lair:2   | Noticed a death yak
 11819 | Lair:2   | Noticed a death yak
 11820 | Lair:2   | Noticed a death yak
 11820 | Lair:2   | Noticed a death yak
 12132 | Lair:2   | Killed a death yak
 12139 | Lair:2   | Killed a death yak
 12152 | Lair:2   | Killed a death yak
 12229 | Lair:2   | Reached skill level 10 in Dodging
 12271 | Lair:2   | Noticed an eight-headed hydra
 12279 | Lair:2   | Killed an eight-headed hydra
 12280 | Lair:2   | Reached skill level 11 in Spellcasting
 12280 | Lair:2   | Reached skill level 10 in Conjurations
 12280 | Lair:2   | Reached skill level 5 in Evocations
 12357 | Lair:2   | Killed a death yak
 12364 | Lair:2   | Killed a death yak
 12427 | Lair:2   | Killed a death yak
 12744 | Lair:2   | Found a staircase to the Snake Pit.
 13317 | Lair:3   | Identified the +0 helmet of Necvouve {rC- Will++ Int-4
                  | Dex+2}
 13420 | Lair:3   | Reached skill level 12 in Spellcasting
 13561 | Lair:3   | Found a runed translucent door.
 13563 | Lair:3   | Noticed superbruh's ghost (journeyman GnWn)
 13576 | Lair:3   | Reached skill level 5 in Fighting
 13623 | Lair:3   | Found a staircase to the Swamp.
 13974 | Lair:4   | Noticed a six-headed hydra
 13985 | Lair:4   | Killed a six-headed hydra
 13986 | Lair:4   | Reached XP level 13. HP: 53/72 MP: 7/31
 14642 | Lair:4   | You fall into a shaft and drop 1 floor!
 14642 | Lair:5   | Entered Level 5 of the Lair of Beasts
 15350 | Lair:5   | Reached ***** piety under Vehumet
 15417 | Lair:5   | Offered knowledge of Fireball by Vehumet.
 15518 | Lair:4   | Learned a level 5 spell: Fireball
 15889 | Lair:5   | Reached skill level 13 in Spellcasting
 18146 | Lair:5   | Found a staircase to the Slime Pits.
 18268 | Lair:5   | Reached XP level 14. HP: 80/80 MP: 16/33
 19356 | D:11     | Identified the +1 trident "Bingo" {drain, rC+ rN+}
 19619 | D:11     | Found a runed translucent gate.
 19619 | D:11     | Found a runed translucent gate.
 19619 | D:11     | Found a runed translucent gate.
 19621 | D:11     | Noticed knightboat's ghost (journeyman TrWr)
 20061 | D:12     | Offered knowledge of Starburst by Vehumet.
 20144 | D:12     | Noticed Sonja
 20157 | D:12     | Killed Sonja
 20254 | D:12     | Reached skill level 14 in Spellcasting
 20386 | D:12     | Found a staircase to the Orcish Mines.
 20420 | D:12     | Learned a level 6 spell: Starburst
 20750 | D:12     | Found Qymat's Demolitions Depot.
 21033 | D:12     | Noticed Nergalle
 21035 | D:12     | Killed Nergalle
 21176 | D:12     | Reached skill level 1 in Fire Magic
 21634 | D:12     | Bought a book of Annihilations for 960 gold pieces
 21634 | D:12     | Bought a book of Fire for 704 gold pieces
 21748 | D:12     | Learned a level 6 spell: Plasma Beam
 22148 | D:13     | Reached skill level 1 in Air Magic
 23020 | Orc:1    | Entered Level 1 of the Orcish Mines
 23133 | Orc:2    | Entered Level 2 of the Orcish Mines
 23407 | Orc:2    | Noticed an orc warlord
 23414 | Orc:2    | Killed an orc warlord
 23610 | Orc:2    | Found a staircase to the Elven Halls.
 23649 | Orc:2    | Offered knowledge of Iskenderun's Battlesphere by Vehumet.
 24120 | Orc:2    | Learned a level 5 spell: Iskenderun's Battlesphere
 24205 | Orc:2    | Found Ekhobe's Antique Weapon Boutique.
 24205 | Orc:2    | Found Xythewk's General Store.
 24206 | Orc:2    | Found Comehoen's Weapon Shop.
 24210 | Orc:2    | Found Seywicij's Weapon Boutique.
 25024 | Orc:1    | Noticed Gastronok
 25156 | Orc:1    | Killed Gastronok
 25937 | Snake:1  | Entered Level 1 of the Snake Pit
 26251 | Lair:2   | Reached XP level 15. HP: 44/88 MP: 2/35
 26644 | Snake:1  | Reached skill level 15 in Spellcasting
 27013 | Snake:1  | Offered knowledge of Eringya's Noxious Bog by Vehumet.
 27534 | Snake:1  | Reached skill level 5 in Fire Magic
 27910 | Lair:2   | Learned a level 4 spell: Passage of Golubria
 28916 | Snake:2  | Noticed Agnes
 28921 | Snake:2  | Killed Agnes
 32078 | Snake:2  | Reached skill level 16 in Spellcasting
 33444 | Snake:3  | Reached skill level 15 in Dodging
 33790 | Snake:3  | Reached XP level 16. HP: 94/94 MP: 31/38
 34238 | Snake:3  | Found a shadowy altar of Dithmenos.
 34434 | Snake:3  | Offered knowledge of Conjure Ball Lightning by Vehumet.
 35064 | Snake:3  | Found a runed translucent gate.
 35064 | Snake:3  | Found a runed translucent gate.
 35064 | Snake:3  | Found a runed translucent gate.
 35618 | Snake:3  | Noticed JanusIIV's ghost (journeyman DEHu)
 35663 | Snake:4  | Entered Level 4 of the Snake Pit
 36819 | Snake:4  | Reached skill level 10 in Fire Magic
 37356 | Snake:3  | Learned a level 8 spell: Ignition
 37810 | Snake:4  | Reached skill level 17 in Spellcasting
 40687 | Snake:4  | Got a serpentine rune of Zot
 42011 | D:4      | Bought a scroll of blinking for 172 gold pieces
 42011 | D:4      | Bought a scroll of teleportation for 69 gold pieces
 42011 | D:4      | Bought a runed robe for 85 gold pieces
 42229 | D:14     | Noticed Louise
 43208 | D:14     | Identified the +0 robe of Patience {Rampage Regen+ Int+3}
 43479 | D:14     | Killed Louise
 44583 | D:14     | Found a gate to the Vaults.
 44657 | D:15     | Entered Level 15 of the Dungeon
 44848 | D:15     | Reached skill level 18 in Spellcasting
 44848 | D:15     | Reached XP level 17. HP: 99/99 MP: 34/41
 45860 | D:15     | Offered knowledge of Arcjolt by Vehumet.
 47030 | D:15     | Found a staircase to the Depths.
 47064 | D:15     | Found a hide-covered altar of Uskayaw.
 48089 | Swamp:1  | Entered Level 1 of the Swamp
 48543 | Swamp:1  | Noticed a tentacled monstrosity
 48553 | Swamp:1  | Killed a tentacled monstrosity
 49494 | Swamp:1  | Identified the amulet of Fudiffuf {RegenMP Will+}
 49566 | Swamp:1  | Noticed Donald
 49570 | Swamp:1  | Killed Donald
 51219 | Swamp:2  | Found a runed translucent door.
 51219 | Swamp:2  | Noticed bakla's ghost (journeyman SpDe)
 51230 | Swamp:2  | Killed bakla's ghost
 51263 | Swamp:2  | Identified the +2 leather armour of Moral Flaws {rPois
                  | Str+3}
 52362 | Swamp:3  | Reached skill level 15 in Fire Magic
 52681 | Swamp:3  | Reached skill level 19 in Spellcasting
 52779 | Swamp:4  | Entered Level 4 of the Swamp
 55087 | Swamp:4  | Offered knowledge of Iron Shot by Vehumet.
 55215 | Swamp:3  | Learned a level 6 spell: Iron Shot
 55266 | Swamp:4  | Reached skill level 1 in Earth Magic
 55288 | Swamp:4  | Reached XP level 18. HP: 104/104 MP: 12/43
 55291 | Swamp:4  | Noticed a tentacled monstrosity
 55463 | Swamp:4  | Killed a tentacled monstrosity
 56165 | Swamp:4  | Got a decaying rune of Zot
 56446 | Slime:1  | Entered Level 1 of the Pits of Slime
 58178 | Slime:2  | Reached skill level 5 in Earth Magic
 59407 | Slime:2  | Reached skill level 20 in Spellcasting
 59408 | Slime:2  | HP: 4/105 [quicksilver ooze (10)]
 60971 | Slime:5  | Entered Level 5 of the Pits of Slime
 60980 | Slime:5  | Reached ****** piety under Vehumet
 61052 | Slime:5  | Offered knowledge of Lehudib's Crystal Spear by Vehumet.
 61052 | Slime:5  | Offered knowledge of Polar Vortex by Vehumet.
 61052 | Slime:5  | Offered knowledge of Maxwell's Capacitive Coupling by
                  | Vehumet.
 61052 | Slime:5  | Noticed the Royal Jelly
 61057 | Slime:5  | Killed the Royal Jelly
 61109 | Slime:5  | Killed from afar by an acid blob

Illustrated notes

Levels and vault maps discovered:
D:1:      minmay_arrival_five_plusses, layout_loops_corners,
          shapermc_ecumenical_altar_gd, chequers_garden, minmay_pentomino_u4
D:2:      layout_loops_ring, basic_altar, serial_rivers,
          chequers_serial_rivers_micro_b, chequers_serial_rivers_large_b,
          chequers_serial_rivers_small_a, chequers_serial_rivers_micro_a,
          chequers_serial_rivers_micro_d, st_stairs_13, guppyfry_early_orc_mine,
          uniq_robin
D:3:      layout_rooms, mainiacjoe_overflow_alcove_1
D:4:      layout_gridville, minmay_temple_entry_wispy, serial_shops,
          nicolae_shop_overgrown_old_shop, minmay_bisected, uniq_duvessa
D:5:      layout_loops_ring, mainiacjoe_overflow_tiny_flanked,
          old_standard_altar, mainiacjoe_overflow_cross_hatched,
          mainiacjoe_overflow_brackets, corexii_leaking_fountain,
          minmay_manual_moon, uniq_edmund, uniq_blork_the_orc,
          uniq_prince_ribbit1
D:6:      kennysheep_big_flooded_room, layout_rooms, lemuel_round_altar,
          ebering_dispersal_statue_hall
D:7:      layout_gridville, uniq_maggie
D:8:      layout_loops_corners, led_sif_pool, lemuel_round_altar, uniq_amaemon
D:9:      layout_roguey, minivault_11, amcnicky_mini_rare_corridor_liquid,
          kennysheep_small_square
D:10:     layout_rooms, erik_lair_dragon, nicolae_hexahallways,
          dreamdust_wishing_well, minmay_misc_feat_encased
D:11:     layout_long_grid, gammafunk_ghost_nasty_kobolds
D:12:     layout_basic, david_orc_5, portal_ice_cave_entry_animals_and_master,
          nicolae_blasting_shop, uniq_sonja, uniq_nergalle
D:13:     layout_irregular_city
D:14:     layout_basic, david_vaults_4, nicolae_water_bricks,
          hangedman_decor_lopped, uniq_louise
D:15:     hangedman_depths_entry_civil_slaughter, layout_irregular_city,
          hangedman_abyss_or_decor_passed, dancing_weapons_uskayaw
Temple:   eino_temple_lava
Lair:1:   layout_roguey, grunt_forest_large_clearing_hut, uniq_harold
Lair:2:   layout_gridlike, nicolae_snake_entry_squirm
Lair:3:   layout_cave_shapes, minmay_swamp_entry_worms,
          ebering_ghost_reflecting_pool
Lair:4:   layout_regular_city, serial_forest, infiniplex_forest_clump_double,
          infiniplex_forest_clump_curved, infiniplex_forest_clump_diagonal,
          infiniplex_forest_clump_small, infiniplex_forest_lined_2,
          kennysheep_basilisk_garden
Lair:5:   minmay_lair_end_frog_pond, layout_regular_city, slime_entry_1
Swamp:1:  layout_basic_swamp, evilmike_swamp_ruin_house_6, swamp_pool1,
          uniq_donald
Swamp:2:  layout_falls_marsh, gammafunk_ghost_grave,
          evilmike_swamp_ruin_house_4, infiniplex_staircase_pool_2
Swamp:3:  layout_basic_swamp, evilmike_swamp_ruin_rubble_1
Swamp:4:  swamp_vile, layout_basic_swamp, swamp_pool1
Snake:1:  layout_basic, nicolae_snake_the_dead_are_slithering
Snake:2:  nicolae_snake_shooting_gallery, layout_honeycomb, uniq_agnes
Snake:3:  layout_basic, gammafunk_ghost_necromancy, basic_altar,
          hangedman_snake_pattern, nicolae_snake_gridmaze_tees
Snake:4:  snake_hunt, layout_cave_town, grunt_ministairs_9
Slime:1:  layout_caves, nicolae_slime_getting_an_eyeful
Slime:2:  layout_caves, nicolae_slime_phagocytosis
Slime:3:  nicolae_slime_jelly_donut, layout_caves
Slime:4:  layout_caves
Slime:5
Orc:1:    layout_diamond_mine, uniq_gastronok
Orc:2:    st_orc_mages, layout_diamond_mine

Skill      XL: |  1  2  3  4  5  6  7  8  9 10 11 12 13 14 15 16 17 18 |
---------------+-------------------------------------------------------+-----
Dodging        | 3 4 5 6 7 8 9 11 12 13 15 16 17 | 17.8
Spellcasting   | 4 5 6 8 9 10 12 13 14 16 18 19 20 | 20.6
Conjurations   | 5 6 7 8 9 10 12 13 | 13.3
Hexes          | 1 2 3 5 6 7 |  7.7
Staves         | 6 11 12 | 12.0
Evocations     | 4 6 8 9 |  9.3
Fighting       | 3 5 6 7 8 9 |  9.9
Fire Magic     | 3 9 13 15 | 15.7
Air Magic      | 3 |  3.6
Earth Magic    | 1 9 |  9.4
Stealth        | |  2.4

Action                     |  1- 3 |  4- 6 |  7- 9 | 10-12 | 13-15 | 16-18 || total
---------------------------+-------+-------+-------+-------+-------+-------++-------
  Melee: Staff             |       |       |       |    15 |     4 |     2 ||    21
         Punch             |       |       |       |     1 |       |       ||     1
   Cast: Magic Dart        |    37 |    58 |    40 |    55 |    83 |    33 ||   306
         Searing Ray       |    18 |    25 |    37 |    56 |    48 |       ||   184
         Fulminant Prism   |       |     5 |    17 |    82 |   137 |    73 ||   314
         Iskenderun's Myst |       |     1 |     2 |       |    11 |    30 ||    44
         Tukima's Dance    |       |       |     2 |     8 |    18 |    12 ||    40
         Irradiate         |       |       |     2 |    15 |    32 |    13 ||    62
         Fireball          |       |       |       |       |   195 |   293 ||   488
         Starburst         |       |       |       |       |    36 |    10 ||    46
         Plasma Beam       |       |       |       |       |    18 |    15 ||    33
         Iskenderun's Batt |       |       |       |       |    13 |     8 ||    21
         Ignition          |       |       |       |       |       |    53 ||    53
         Passage of Golubr |       |       |       |       |       |     4 ||     4
         Iron Shot         |       |       |       |       |       |    14 ||    14
  Evoke: Wand              |       |       |       |       |     3 |     1 ||     4
    Use: Scroll            |       |     4 |     6 |     4 |    13 |    11 ||    38
         Potion            |       |       |       |     1 |     9 |     5 ||    15
 Armour: Robe              |       |     3 |     2 |    10 |    12 |    10 ||    37
         Skin              |       |       |       |       |     5 |       ||     5
  Dodge: Dodged            |       |    15 |    11 |    57 |   137 |    56 ||   276
